 Dungeon Crawl Stone Soup version 0.26-a0-259-g1effd001a9 (webtiles) character file.

Game seed: 14426834615969056365

107 Apogee the Conjurer (level 4, -9/27 HPs)
             Began as an Octopode Conjurer on July 14, 2020.
             Killed by divine providence
             ... invoked by an orc priest
              (11 damage)
             ... on level 3 of the Dungeon.
             The game lasted 00:03:11 (2047 turns).

Apogee the Conjurer (Octopode Conjurer)             Turns: 2047, Time: 00:03:12

Health: -9/27      AC:  1    Str:  3 (6)  XL:     4   Next: 85%
Magic:  1/8        EV: 13    Int: 19 (21) God:
Gold:   60         SH:  0    Dex:  8 (10) Spells: 5/9 levels left

rFire    . . .     SeeInvis .   (no weapon)
rCold    . . .     Faith    .   (no shield)
rNeg     . . .     Spirit   .   (helmet restricted)
rPois    .         Reflect  .   (no amulet)
rElec    .         Harm     .   (no ring)
rCorr    .                      (no ring)
MR       .....                  (no ring)
Stlth    +++.......             (no ring)
HPRegen  0.09/turn              (no ring)
MPRegen  0.11/turn              (no ring)
                                (no ring)
                                (no ring)

@: stab
A: almost no armour, stealthy swim, amphibious, 8 rings, constrict 8, camouflage
1, gelatinous body 1
a: no special abilities


You were on level 3 of the Dungeon.
You were not hungry.

You visited 1 branch of the dungeon, and saw 3 of its levels.

You collected 60 gold pieces.

Inventory:

Jewellery
 n - an uncursed ring of flight {unknown}
Scrolls
 c - 3 scrolls of fear {unknown}
 d - a scroll of immolation {unknown}
 e - a scroll of remove curse {unknown}
 k - a scroll of identify {unknown}
 l - a scroll of blinking {unknown}
 m - a scroll of amnesia {unknown}
 o - 2 scrolls of enchant armour {unknown}
 p - a scroll of magic mapping {unknown}
Potions
 h - 2 potions of flight {unknown}
 i - a potion of ambrosia {unknown}
 j - a potion of heal wounds {unknown}
Comestibles
 b - 11 rations


   Skills:
 - Level 2.0 Dodging
 - Level 2.6 Stealth
 + Level 3.2 Spellcasting
 + Level 4.9 Conjurations
 + Level 1.5 Hexes


You had 5 spell levels left.
You knew the following spells:

 Your Spells              Type           Power        Failure   Level
a - Magic Dart            Conj           ###.         1%          1
b - Dazzling Flash        Conj/Hex       ###...       12%         3

Your spell library contained the following spells:

 Spells                   Type           Power        Failure   Level
 Searing Ray              Conj           ###...       3%          2
 Fulminant Prism          Conj/Hex       ###.......   36%         4
 Iskenderun's Mystic Bla  Conj/Tloc      ##......     47%         4


Dungeon Overview and Level Annotations

Branches:
Dungeon (2/15)

Altars:


Innate Abilities, Weirdness & Mutations

You cannot wear most types of armour.
You are very stealthy in the water. (Stealth+)
You are amphibious.
You can wear up to eight rings at the same time.
You can use your tentacles to constrict eight enemies at once.
Your skin changes colour to match your surroundings (Stealth+).
Your rubbery body absorbs attacks. (AC +1, EV +1)


Message History

The orc priest is heavily wounded.
You constrict the orc priest, but do no damage.
The orc priest barely misses you.
You tentacle-slap the orc priest but do no damage.
The orc priest is heavily wounded.
You constrict the orc priest, but do no damage.
The orc priest closely misses you.
The orc priest mumbles some strange prayers to Beogh against you.
Beogh smites you!
* * * LOW HITPOINT WARNING * * *
You tentacle-slap the orc priest.
The orc priest is heavily wounded.
You constrict the orc priest, but do no damage.
The orc priest misses you.
You tentacle-slap the orc priest but do no damage.
The orc priest is heavily wounded.
You constrict the orc priest, but do no damage.
The orc priest mumbles some strange prayers to Beogh against you.
Beogh smites you!
You die...

#############
#........@oo#
#.#########.#
#.# #.# #.#
... ..o##
...o. ####.#


You could see an orc priest and an orc.

Vanquished Creatures
  Jessica (D:2)
  Natasha (D:2)
  2 adders (D:2)
  A worm (D:2)
  2 orcs (D:3)
  6 goblins
  3 hobgoblins
  6 jackals
  A kobold (D:2)
  2 quokkas (D:2)
  2 bats (D:2)
  2 frilled lizards (D:2)
  A rat (D:2)
30 creatures vanquished.

Notes
Turn   | Place    | Note
-------+----------+-------------------------------------------
     0 | D:1      | Apogee the Octopode Conjurer began the quest for the Orb.
     0 | D:1      | Reached XP level 1. HP: 11/11 MP: 3/3
   509 | D:1      | Reached XP level 2. HP: 5/17 MP: 1/5
  1286 | D:2      | Reached XP level 3. HP: 21/21 MP: 1/7
  1291 | D:2      | Learned a level 3 spell: Dazzling Flash
  1797 | D:2      | Noticed Jessica
  1800 | D:2      | Noticed Natasha
  1801 | D:2      | Killed Jessica
  1801 | D:2      | Reached skill level 1 in Hexes
  1801 | D:2      | Reached XP level 4. HP: 27/27 MP: 3/8
  1807 | D:2      | Killed Natasha
  2016 | D:2      | You fall into a shaft and drop 1 floor!
  2047 | D:3      | Killed from afar by an orc priest

Illustrated notes

Levels and vault maps discovered:
D:1:      lemuel_arrival_muddy, layout_basic
D:2:      layout_basic, first_ration, uniq_natasha, uniq_jessica
D:3:      layout_loops_ring, okawaru_gym_becter, gammafunk_ghost_abyssal_escape

Skill      XL: |  1  2  3 |
---------------+----------+-----
Spellcasting   | 3 |  3.2
Hexes          | 1 |  1.5
Dodging        | |  2.0
Stealth        | |  2.6
Conjurations   | |  4.9

Action                   |  1- 3 |  4- 6 || total
-------------------------+-------+-------++-------
Melee: Unarmed           |    26 |    11 ||    37
       Constrict         |     5 |     2 ||     7
       Tentacles         |     2 |     1 ||     3
 Cast: Magic Dart        |    53 |    18 ||    71
  Use: Potion            |       |     3 ||     3
  Eat: Ration            |     1 |       ||     1
Armor: Skin              |     2 |       ||     2
Dodge: Dodged            |    24 |     7 ||    31

Table legend:
 A = Non-vault XP
 B = Vault XP
 C = Vault XP percentage of total XP
 D = Non-vault monster count
 E = Vault monster count
 F = Vault count percentage of total count
                 A         B        C        D         E       F
            +---------+---------+-------+---------+---------+-------
      Total |      81 |      72 |  47.1 |      28 |       2 |   6.7
            +---------+---------+-------+---------+---------+-------
        D:1 |      18 |       0 |   0.0 |       9 |       0 |   0.0
        D:2 |      57 |      72 |  55.8 |      17 |       2 |  10.5
        D:3 |       6 |       0 |   0.0 |       2 |       0 |   0.0
            +---------+---------+-------+---------+---------+-------
